 Dungeon Crawl Stone Soup version 0.30-b1-2-g02819fbbbe (webtiles) character file.

Game seed: 15731719471948862410

50 Armakuni the Slasher (level 4, -3/30 HPs)
             Began as a Human Wanderer on May 18, 2023.
             Slain by a gnoll
             ... wielding a +0 flail
              (9 damage)
             ... on level 2 of the Dungeon.
             The game lasted 00:03:05 (1173 turns).

Armakuni the Slasher (Human Wanderer)               Turns: 1173, Time: 00:03:06

Health: -3/30      AC:  3    Str: 12    XL:     4   Next: 4%
Magic:  8/8        EV: 11    Int: 13    God:
Gold:   73         SH:  5    Dex: 20    Spells: 8/9 levels left

rFire   . . .        a - +2 falchion
rCold   . . .        h - +0 buckler
rNeg    . . .        e - +0 leather armour
rPois   .            (no helmet)
rElec   .            (no cloak)
rCorr   .            (no gloves)
SInv    +            (no boots)
Will    .....        (no amulet)
Stlth   +            D - +6 ring of dexterity
HPRegen 0.25/turn    I - ring of see invisible
MPRegen 0.11/turn

%: no passive effects
@: no status effects
A: no striking features
a: no special abilities


You were on level 2 of the Dungeon.
You visited 1 branch of the dungeon, and saw 2 of its levels.

You collected 73 gold pieces.

Inventory:

Hand Weapons
 a - a +2 falchion (weapon)
Armour
 e - a +0 leather armour (worn)
 h - a +0 buckler (worn)
Jewellery
 D - a +6 ring of dexterity (left hand)
 I - a ring of see invisible (right hand)
Scrolls
 i - a scroll of enchant weapon {unknown}
 j - a scroll of identify
Potions
 c - a potion of might
 d - a potion of haste {unknown}
 g - 2 potions of flight
Miscellaneous
 x - a piece from Xom's chessboard (12/15) (quivered)


   Skills:
 + Level 3.7 Long Blades
 - Level 1.0 Throwing
 - Level 1.0 Dodging
 + Level 1.1 Shields
 - Level 3.0 Spellcasting
 - Level 2.0 Conjurations
 - Level 1.0 Evocations


You had 8 spell levels left.
You knew the following spells:

 Your Spells              Type           Power      Damage    Failure   Level
a - Foxfire               Conj/Fire      16%        2x1d4     28%         1

Your spell library contained the following spells:

 Spells                   Type           Power      Damage    Failure   Level
 Hailstorm                Conj/Ice       4%         3d4       63%         3


Dungeon Overview and Level Annotations

Branches:
Dungeon (2/15)

Altars:


Message History

Press: ? - help, Q - select action, (/) - cycle Dir - look around, f - activate You make a move on Xom's chessboard...
The gnoll shouts!
The gnoll appears confused.
Non-targeted evoke: piece from Xom's chessboard (13/15)
Press: ? - help, Q - select action, (/) - cycle Dir - look around, f - activate You make a move on Xom's chessboard...
The gnoll is moving more slowly.
You hit the gnoll.
The gnoll is moderately wounded.
The gnoll hits you with a +0 flail!
You hit the gnoll.
The gnoll is heavily wounded.
You block the gnoll's attack.
You hit the gnoll.
The gnoll is severely wounded.
The gnoll stops moving altogether!
The helpless gnoll fails to defend itself.
You slash the gnoll!
You kill the gnoll!
Your Shields skill increases to level 1!
You have reached level 4!
You feel agile.
Things that are here:
a +0 flail; a gnoll corpse You hit the gnoll.
The gnoll is moderately wounded.
You hit the gnoll.
The gnoll is severely wounded.
The gnoll hits you with a +0 flail!
You are too injured to fight recklessly!
You are too injured to fight recklessly!
You are too injured to fight recklessly!
You hit the gnoll.
The gnoll is severely wounded.
The gnoll seems less confused.
The gnoll hits you with a +0 flail.
* * * LOW HITPOINT WARNING * * *
You barely miss the gnoll.
The gnoll is severely wounded.
The gnoll hits you with a +0 flail!
You die...

######### ## #
#........ ...
#.#.#.######.#.#
#..............
###.##)#####.# #
.K.#........#.#
..g# #......###.#
....
+......†...##.#
...
#...†..@g.....#
.g
#######.#######.#
#...†.....#
#..########
#).##### #......#
#....#.# ####.#
#.# #######


You could see a gnoll.

Vanquished Creatures
  2 gnolls (D:2)
  2 ball pythons
  3 bats
  2 endoplasms (D:1)
  2 giant cockroaches
  4 hobgoblins (D:1)
  2 jackals (D:1)
  2 quokkas
  5 frilled lizards (D:1)
  3 kobolds
  2 rats (D:1)
29 creatures vanquished.

Notes
Turn   | Place    | Note
-------+----------+-------------------------------------------
     0 | D:1      | Armakuni the Human Wanderer began the quest for the Orb.
     0 | D:1      | Armakuni set off with the following items: a +2 falchion, a
                  | piece from Xom's chessboard (15/15), a potion of might, a
                  | +0 robe; and the following spell memorised: Foxfire; and
                  | the following spells available to memorise: Hailstorm.
     0 | D:1      | Reached XP level 1. HP: 13/13 MP: 4/4
   199 | D:1      | Reached XP level 2. HP: 16/19 MP: 6/6
   701 | D:1      | Reached XP level 3. HP: 23/24 MP: 7/7
  1165 | D:2      | Reached skill level 1 in Shields
  1165 | D:2      | Reached XP level 4. HP: 17/30 MP: 8/8
  1173 | D:2      | Slain by a gnoll

Illustrated notes

Levels and vault maps discovered:
D:1:      dpeg_arrival_rooms_a, layout_basic
D:2:      layout_basic, uniq_robin, uniq_natasha, uniq_terence

Skill      XL: |  1  2  3 |
---------------+----------+-----
Long Blades    | 3 |  3.7
Shields        | 1 |  1.1
Throwing       | |  1.0
Dodging        | |  1.0
Spellcasting   | |  3.0
Conjurations   | |  2.0
Evocations     | |  1.0

Action                     |  1- 3 |  4- 6 || total
---------------------------+-------+-------++-------
  Melee: Falchion          |    88 |     4 ||    92
  Evoke: Piece from Xom's  |     3 |       ||     3
    Use: Scroll            |     1 |       ||     1
   Stab: Petrified         |     1 |       ||     1
 Armour: Leather armour    |    25 |       ||    25
  Dodge: Dodged            |    50 |       ||    50
  Block: Buckler           |     2 |       ||     2
